Map: Dusk Towers

Players

Carnage - Winner!

  • Race: Zerg Zerg
  • League: Diamond

LilDicky

  • Race: Terran Terran
  • League: Diamond

VOD

http://www.twitch.tv/tumescentpie

Description

Time

  • Played on: Nov. 24, 2015, 12:37 p.m.
  • Length: 18:57
Show
View Real Time Build Order
Export as new Build Order

Carnage Zerg - Winner!

Build Orders: Pool First 

Get SALT Encoding   

  12  0:12  Drone  
  12  0:13  Overlord  
  13  0:17  Drone  
  14  0:23  Extractor  
  14  0:24  Drone  
  15  0:34  Drone  
  16  0:44  Spawning Pool  
  16  0:45  Drone  
  16  0:51  Extractor  
  16  0:55  Drone  
  16  1:16  Hatchery  
  15  1:20  Drone x2  
  17  1:33  Queen  
  17  1:37  Drone  
  20  1:41  Drone  
  21  1:51  Overlord  
  21  1:59  Drone  
  21  2:00  Metabolic Boost  
  22  2:11  Queen  
  22  2:12  Drone  
  25  2:21  Drone  
  26  2:27  Queen  
  28  2:32  Drone x2  
  30  2:39  Drone  
  31  2:46  Drone x3  
  34  2:51  Drone x2  
  36  3:00  Roach Warren, Drone  
  36  3:04  Overlord  
  36  3:11  Overlord  
  36  3:23  Queen  
  36  3:24  Drone x4  
  42  3:28  Overlord  
  46  3:41  Roach x3  
  46  3:46  Evolution Chamber, Drone x3  
  50  3:49  Drone x2, Extractor  
  51  4:10  Extractor  
  51  4:11  Baneling Nest  
  51  4:12  Zerg Ground Armor Level 1  
  51  4:13  Evolution Chamber  
  48  4:21  Drone x4  
  48  4:23  Extractor  
  51  4:25  Hatchery  
  50  4:43  Drone x3  
  50  4:44  Drone x3  
  56  4:50  Lair  
  56  4:55  Overlord x2  
  56  5:02  Zerg Melee Weapons Level 1  
  56  5:08  Burrow  
  56  5:09  Drone x4  
  56  5:11  Overlord  
  60  5:21  Drone x3  
  63  5:23  Drone x2  
  65  5:40  Spore Crawler  
  64  5:47  Spore Crawler  
  63  5:52  Ravager x2  
  63  5:53  Ravager  
  64  6:17  Queen  
  66  6:19  Roach x4  
  66  6:20  Roach x2  
  66  6:22  Queen  
  66  6:23  Spore Crawler  
  66  6:24  Spore Crawler  
  66  6:25  Spire, Zerg Ground Armor Level 2  
  78  6:26  Spore Crawler  
  78  6:28  Drone  
  78  6:29  Drone x3  
  78  6:31  Queen  
  77  6:45  Ravager x3  
  80  6:59  Roach x3  
  71  7:04  Drone x4  
  71  7:06  Drone x2, Extractor  
  71  7:07  Extractor  
  75  7:11  Zergling x2  
  75  7:12  Zergling x2  
  77  7:18  Zerg Missile Weapons Level 1  
  77  7:19  Overlord  
  77  7:20  Hatchery  
  76  7:33  Overlord x2  
  76  7:36  Queen  
  76  7:42  Drone  
  76  7:43  Drone x3  
  82  7:45  Overlord  
  82  7:50  Overlord x2  
  82  7:55  Drone x3  
  85  7:59  Zerg Flyer Weapons Level 1  
  85  8:02  Drone x3  
  88  8:07  Drone x5  
  88  8:11  Pneumatized Carapace  
  88  8:12  Hatchery, Drone, Queen  
  95  8:25  Glial Reconstitution  
  95  8:28  Infestation Pit  
  95  8:29  Hydralisk Den  
  95  8:31  Overseer  
  95  8:34  Overseer  
  92  8:38  Roach x3  
  92  8:39  Roach x7  
  112  8:50  Roach x2  
  112  8:51  Roach  
  112  8:55  Drone x2, Overlord  
  120  8:56  Overlord  
  120  9:15  Spore Crawler, Overlord  
  120  9:16  Overlord  
  118  9:30  Overseer, Zergling x4  
  118  9:31  Zergling x16  
  125  9:32  Zergling x4  
  130  9:41  Hydralisk x2  
  130  9:44  Muscular Augments  
  134  10:02  Hatchery  
  133  10:09  Hatchery  
  133  10:11  Spore Crawler  
  133  10:13  Spore Crawler, Zerg Flyer Weapons Level 2  
  130  10:14  Spore Crawler  
  128  10:28  Hydralisk  
  128  10:29  Hydralisk x4  
  138  10:37  Hydralisk x2  
  138  10:38  Hydralisk x4  
  150  10:47  Overlord x2  
  150  10:57  Extractor  
  150  11:00  Extractor  
  147  11:11  Zerg Missile Weapons Level 2, Zerg Melee Weapons Level 2  
  146  11:21  Spawning Pool  
  145  11:27  Hydralisk  
  145  11:28  Hydralisk x4  
  145  11:31  Hydralisk x4  
  156  11:44  Hatchery  
  153  11:49  Hydralisk x4  
  153  11:50  Hydralisk x3  
  165  12:14  Overlord x2  
  165  12:15  Zergling x6  
  168  12:16  Overlord x3  
  168  12:17  Overlord x2  
  168  12:34  Drone  
  168  12:35  Drone x4  
  171  12:51  Spore Crawler, Zergling x8  
  171  12:52  Zergling x10  
  176  13:03  Spore Crawler  
  176  13:04  Spore Crawler  
  174  13:06  Spore Crawler  
  174  13:07  Hive  
  174  13:08  Hatchery, Lurker Den, Zerg Flyer Armor Level 1  
  172  13:14  Drone  
  172  13:15  Drone x2  
  172  13:16  Drone x2  
  177  13:31  Drone x3  
  180  13:35  Baneling  
  180  13:36  Baneling x8  
  180  13:37  Baneling x2  
  180  13:41  Drone x6  
  182  13:46  Drone x3  
  182  13:47  Drone x2  
  191  14:00  Baneling x3  
  191  14:01  Baneling x5  
  191  14:09  Hydralisk x2  
  189  14:10  Hydralisk x5  
  182  14:26  Hydralisk x5  
  176  14:48  Hydralisk x3  
  176  14:50  Zergling x6  
  176  14:51  Zergling x4  
  128  15:08  Hatchery  
  128  15:12  Drone x2  
  128  15:13  Drone x4  
  132  15:15  Extractor x2  
  125  15:22  Lurker x5  
  125  15:23  Lurker x2  
  125  15:24  Hatchery, Lurker  
  125  15:27  Zergling x10  
  137  15:32  Infestor x2  
  141  15:35  Infestor  
  141  15:41  Zerg Missile Weapons Level 3  
  142  15:59  Zergling x10  
  142  16:00  Zergling x14  
  142  16:02  Zergling x2  
  142  16:03  Zergling x2  
  141  16:04  Zergling x2  
  141  16:07  Zergling x4  
  139  16:12  Zergling x6  
  142  16:19  Corruptor  
  144  16:28  Overseer x3  
  144  16:56  Overlord x2, Extractor  
  143  17:02  Queen  
  145  17:14  Ultralisk Cavern  
  145  17:15  Corruptor x3, Greater Spire  
  144  17:16  Adrenal Glands  
  144  17:17  Centrifical Hooks  
  144  17:20  Drone x3  
  144  17:21  Infestor  
  155  17:24  Lurker  
  155  17:25  Lurker  
  155  17:28  Drone  
  155  17:29  Drone x2  
  160  17:40  Corruptor  
  162  17:47  Corruptor x4  
  168  18:01  Zergling x2  
  168  18:02  Zergling x12  
  173  18:14  Corruptor x3  
  179  18:21  Baneling x5  
  179  18:22  Baneling x7  
  178  18:35  Overlord x2  
  178  18:39  Drone x5  
  176  18:43  Extractor  
  176  18:44  Drone x4  
  176  18:45  Drone  
Show
View Real Time Build Order
Export as new Build Order

LilDicky Terran 

Build Orders: Reaper Expand 

Get SALT Encoding   

  12  0:01  SCV  
  13  0:13  SCV  
  14  0:18  Supply Depot  
  14  0:25  SCV  
  15  0:32  Refinery  
  15  0:39  SCV  
  16  0:45  Barracks  
  16  0:52  SCV  
  17  1:06  SCV  
  18  1:18  SCV  
  19  1:34  Reaper  
  19  1:35  Orbital Command  
  20  1:46  Command Center  
  20  1:55  Refinery  
  20  2:01  SCV  
  21  2:06  Reaper  
  22  2:12  Supply Depot  
  22  2:14  SCV  
  23  2:33  SCV  
  24  2:46  SCV  
  24  2:50  Factory  
  25  2:53  Supply Depot  
  25  2:55  Barracks Reactor  
  25  2:58  SCV  
  26  3:01  Orbital Command  
  26  3:10  SCV  
  27  3:22  SCV  
  28  3:30  SCV  
  29  3:34  SCV  
  29  3:41  Barracks Reactor, Starport  
  30  3:43  SCV  
  30  3:46  SCV, Hellion x2  
  36  3:55  SCV  
  37  4:08  Liberator x2  
  37  4:09  Hellion  
  41  4:10  Hellion  
  41  4:11  SCV  
  41  4:12  SCV  
  43  4:18  Refinery x2  
  43  4:23  SCV  
  43  4:24  SCV  
  45  4:31  Hellion  
  53  4:43  Marine  
  54  4:47  Supply Depot  
  54  4:54  Supply Depot  
  54  4:56  SCV, Hellion x2  
  59  5:01  Barracks  
  59  5:02  Engineering Bay, Barracks  
  59  5:03  Liberator x2  
  59  5:04  Engineering Bay  
  59  5:07  Marine  
  60  5:18  Hellion x2  
  70  5:23  SCV x2  
  72  5:50  Liberator x2  
  70  6:32  Barracks Tech Lab x2  
  70  6:33  Terran Infantry Weapons Level 1, Terran Infantry Armor Level 1  
  70  6:35  Barracks Reactor  
  65  6:40  Command Center  
  52  7:07  SCV  
  52  7:08  SCV, Combat Shields  
  51  7:09  Stimpack, Marine x2  
  51  7:13  Barracks, Starport Tech Lab  
  53  7:16  Supply Depot  
  53  7:17  Barracks  
  53  7:19  Barracks  
  53  7:20  SCV x2, Barracks  
  55  7:26  Widow Mine x2  
  55  7:27  Marine  
  55  7:28  Marine  
  55  7:29  Marine  
  62  7:32  SCV x2  
  65  7:37  Banshee, Cloaking Field  
  65  7:44  SCV x2  
  69  7:45  Armory  
  69  7:46  Marine x2  
  71  7:51  Marine x2  
  71  7:56  SCV x2  
  75  7:59  Starport  
  75  8:08  SCV x2, Supply Depot, Marine x2  
  75  8:09  Marauder  
  75  8:10  Marauder  
  75  8:11  Missile Turret  
  83  8:15  Missile Turret  
  83  8:17  Orbital Command  
  83  8:20  SCV x2  
  83  8:21  Marine x2  
  83  8:22  Barracks Reactor  
  83  8:25  Banshee  
  90  8:30  Marauder  
  90  8:50  Marine x2  
  90  8:51  Marauder  
  90  8:52  Marauder  
  90  8:54  Marine x2  
  96  8:56  Medivac  
  96  8:57  Medivac  
  100  9:08  Medivac  
  102  9:12  Marauder, Marine  
  102  9:13  Marauder  
  102  9:16  Terran Infantry Weapons Level 2, Terran Infantry Armor Level 2  
  102  9:17  Concussive Shells  
  104  9:19  Supply Depot  
  104  9:26  Medivac  
  104  9:31  Marine x3  
  108  9:36  Supply Depot  
  108  9:37  Supply Depot  
  109  9:38  Refinery  
  109  9:39  Refinery  
  109  9:40  SCV x2, Medivac x2  
  109  9:41  Marauder  
  109  9:43  Supply Depot  
  109  9:45  SCV, Marauder  
  120  9:47  Missile Turret  
  120  9:48  Missile Turret  
  120  9:51  Missile Turret  
  120  9:57  SCV x3  
  120  9:58  Missile Turret  
  123  10:02  Marauder  
  123  10:06  Marauder  
  127  10:10  Marine x2  
  129  10:23  Marauder  
  129  10:28  Marauder  
  133  10:33  Marine x2  
  135  10:39  Command Center  
  135  10:41  Missile Turret  
  132  10:43  Supply Depot  
  132  10:44  Supply Depot  
  132  10:45  Marauder  
  132  10:49  Marauder  
  133  11:06  Marauder  
  133  11:10  Marine x3  
  132  11:11  Marauder  
  132  11:28  Marauder  
  130  11:37  Marine  
  130  11:38  Marine x6  
  130  11:39  SCV x2  
  127  11:40  SCV  
  127  11:49  Marauder  
  127  11:51  SCV  
  129  11:55  Marine x2  
  129  11:56  Marine x4  
  129  11:57  Marauder  
  127  12:10  Marauder  
  127  12:13  Marine x2  
  127  12:14  Marine x4  
  133  12:18  Marauder  
  133  12:21  Medivac x2  
  133  12:22  Medivac  
  139  12:31  Marine x2  
  139  12:32  Marauder, Marine x4  
  130  12:39  Marauder  
  130  12:40  SCV  
  133  12:49  Marine x4  
  137  12:51  Medivac x2  
  137  12:53  Marauder  
  137  12:56  Marine x2  
  147  13:01  Planetary Fortress, Marauder  
  147  13:03  Widow Mine x2  
  153  13:07  Marine x3  
  153  13:10  Banshee, SCV  
  153  13:11  SCV  
  159  13:14  Marauder  
  161  13:21  Medivac x2  
  161  13:22  Marauder, Marine x2  
  169  13:28  Refinery  
  169  13:29  Refinery, Missile Turret  
  169  13:30  Marine  
  169  13:31  Missile Turret, Marine  
  169  13:32  Missile Turret x2  
  171  13:36  Marauder  
  173  13:44  Marauder  
  175  13:52  Marine  
  175  13:53  Marine x5  
  161  13:57  Marauder  
  163  14:05  Marauder  
  165  14:10  Marine x2  
  165  14:15  Marine  
  160  14:18  Marine x2  
  160  14:19  Marine, Marauder  
  159  14:26  Marauder  
  141  14:33  Marine x2  
  141  14:34  Marine  
  136  14:40  Marauder  
  136  14:41  Marine x3  
  133  14:48  Marauder  
  133  14:51  Marine x3  
  102  15:01  Marauder  
  102  15:05  Marine x2  
  96  15:09  Marauder  
  97  15:14  Marine x2  
  97  15:18  Marine x2  
  101  15:23  Marine x2, Marauder  
  105  15:31  Marauder  
  110  15:35  SCV  
  110  15:36  SCV, Marine  
  110  15:37  Command Center  
  114  15:44  Marauder  
  112  15:50  Barracks Reactor  
  112  15:51  Barracks Reactor  
  112  15:52  Marauder  
  91  16:06  Marauder  
  76  16:12  Marine  
  76  16:13  Marauder, Marine x2  
  76  16:17  Orbital Command  
  75  16:24  SCV x2  
  77  16:25  Medivac  
  77  16:26  Medivac  
  77  16:27  Marauder  
  77  16:29  Marine x2  
  77  16:30  Marine x2  
  77  16:31  Marauder  
  89  16:35  Marauder  
  91  16:48  Marauder, Marine x2  
  91  16:51  Marine x3  
  91  16:52  Marauder, Marine  
  101  16:55  Marine, Medivac  
  101  16:56  Medivac  
  101  16:57  Planetary Fortress  
  101  17:00  Missile Turret  
  106  17:02  SCV  
  106  17:03  SCV x2  
  106  17:06  Marine x2  
  111  17:09  Starport Reactor, Marine x3  
  111  17:10  Marauder  
  111  17:12  Starport Tech Lab  
  111  17:14  SCV, Marauder x2  
  111  17:15  SCV x2  
  123  17:19  Marine  
  124  17:24  Marine x2  
  124  17:27  SCV, Marine  
  128  17:31  Marauder  
  128  17:35  Marauder x2  
  128  17:36  Marine  
  135  17:39  Marine x2  
  135  17:41  Marine  
  138  17:52  Marauder  
  138  17:57  Marauder x2  
  124  18:03  Marine x2  
  124  18:04  Marine x4  
  121  18:09  SCV  
  121  18:14  Marauder  
  121  18:16  Barracks x2  
  121  18:17  Factory  
  121  18:18  Barracks, Marauder x2  
  121  18:19  Barracks  
  117  18:21  Marine x4  
  117  18:22  Marine x2  
  123  18:35  Marauder  
  123  18:39  Marine  
  119  18:42  SCV  
Tags
 
Add a new tag
Caveats
  • Supply blocks, unpowered buildings, or Contaminate may cause inaccurate times.
  • Supply counts are checked every 10 seconds.